 Dungeon Crawl Stone Soup version 0.31.0-1-g2c135a0 (webtiles) character file.

Game seed: 14308210637026207262

150974 edsrzf the Shatterer (level 17, -1/188 HPs)
             Began as an Oni Brigand on Jan 31, 2024.
             Was the Champion of Cheibriados.
             Slain by a salamander
             ... wielding a +4 spear
              (15 damage)
             ... on level 3 of the Snake Pit.
             The game lasted 01:28:24 (34901 turns).

edsrzf the Shatterer (Oni Brigand)                 Turns: 34901, Time: 01:28:24

Health: -1/188     AC:  8    Str: 33    XL:     17   Next: 54%
Magic:  17/17      EV: 18    Int: 41    God:    Cheibriados [******]
Gold:   996        SH:  5    Dex: 24    Spells: 16/16 levels left

rFire   . . .        N - +0 giant club (spect)
rCold   . . .        (shield currently unavailable)
rNeg    . . .        E - melded +0 steam dragon scales
rPois   +            Z - +0 hat {Int+3}
rElec   .            C - +2 cloak
rCorr   .            (gloves unavailable)
SInv    .            (boots unavailable)
Will    ++...        L - amulet of reflection
Stlth   +++          J - ring "Kileom" {rPois Will+ Int+3}
HPRegen 0.51/turn    M - +4 ring of protection
MPRegen 0.15/turn

%: reflection
@: maw-form, studying Ranged Weapons, very slow
A: devouring maw, large, unfitting armour, horns 1, tough skin 1, double potion
healing, drunken brawling, talons 1, clever 1, weak 1
a: Begin Untransformation, Renounce Religion, Bend Time, Temporal Distortion,
Slouch, Step From Time


You were on level 3 of the Snake Pit.
You worshipped Cheibriados.
Cheibriados was exalted by your worship.
You were a creature with a mouth for a stomach.
You visited 5 branches of the dungeon, and saw 26 of its levels.
You also visited: Sewer, Ossuary and Bailey.

You collected 2476 gold pieces.
You spent 1480 gold pieces at shops.

Inventory:

Hand Weapons
 a - a +5 flail of draining
 b - a +2 dagger
 t - a +0 giant spiked club of protection
 N - a +0 spectral giant club (weapon)
Missiles
 d - 49 poisoned darts (quivered)
 e - 6 curare-tipped darts
 l - 39 large rocks
Armour
 C - a +2 cloak (worn)
 E - +0 steam dragon scales (melded)
 Z - a +0 hat of intelligence (worn)
Jewellery
 f - a ring of positive energy
 j - a ring of fire
 o - the ring of Enoyfer {Str+6 Dex+4}
   (You bought it in a shop on level 2 of the Orcish Mines)

   [ring of strength]

   Str+6:     It affects your strength (+6).
   Dex+4:     It affects your dexterity (+4).
 D - a ring of protection from cold
 G - a ring of willpower
 J - the ring "Kileom" (left hand) {rPois Will+ Int+3}
   (You bought it in a shop on level 2 of the Orcish Mines)

   [ring of willpower]

   Int+3:     It affects your intelligence (+3).
   rPois:     It protects you from poison Will+: It increases your willpower.
 K - a ring of ice
 L - an amulet of reflection (around neck)
 M - a +4 ring of protection (right hand)
 T - a +5 ring of evasion
Talismans
 g - a maw talisman (active)
Wands
 i - a wand of charming (9)
 p - a wand of flame (19)
 r - a wand of mindburst (32)
 x - a wand of acid (4)
 z - a wand of iceblast (9)
 H - a wand of polymorph (25)
 W - a wand of digging (7)
Scrolls
 c - a scroll of fog
 m - 8 scrolls of teleportation {@r3}
 n - 3 scrolls of silence {!r}
 s - 7 scrolls of enchant armour
 u - 5 scrolls of poison
 y - a scroll of vulnerability
 B - a scroll of brand weapon
 P - 3 scrolls of enchant weapon
 S - 5 scrolls of amnesia
 U - 3 scrolls of identify {@r1}
 V - a scroll of blinking
 Y - 3 scrolls of revelation
Potions
 h - 8 potions of might
 k - a potion of magic
 q - 3 potions of invisibility
 v - 4 potions of brilliance
 w - 8 potions of cancellation
 A - 6 potions of curing
 I - a potion of resistance
 Q - 4 potions of ambrosia
 R - a potion of enlightenment
Miscellaneous
 F - a condenser vane
 O - a sack of spiders


   Skills:
 + Level 16.4 Fighting
 - Level 1.7 Short Blades
 - Level 22.0 Maces & Flails
 - Level 5.1 Throwing
 + Level 10.4 Dodging
 - Level 2.9 Stealth
 - Level 12.5 Shapeshifting


You had 16 spell levels left.
You didn't know any spells.
Your spell library contained the following spells:

 Spells                   Type           Power      Damage    Failure   Level
 Summon Small Mammal      Summ           0%         N/A       4%          1
 Ensorcelled Hibernation  Hex/Ice        0%         N/A       7%          2
 Lesser Beckoning         Tloc           0%         N/A       7%          2
 Call Canine Familiar     Summ           0%         N/A       14%         3
 Gell's Gravitas          Tloc           0%         N/A       14%         3
 Inner Flame              Hex/Fire       0%         N/A       14%         3
 Passwall                 Erth           0%         N/A       14%         3
 Stone Arrow              Conj/Erth      0%         3d7       14%         3
 Swiftness                Air            0%         N/A       14%         3
 Teleport Other           Tloc           0%         N/A       14%         3
 Tukima's Dance           Hex            0%         N/A       14%         3
 Volatile Blastmotes      Fire/Tloc      0%         2d10      14%         3
 Anguish                  Hex/Necr       0%         N/A       41%         4
 Animate Armour           Summ/Erth      0%         N/A       41%         4
 Cause Fear               Hex            0%         N/A       41%         4
 Fulminant Prism          Conj/Alch      0%         3d5       41%         4
 Iskenderun's Mystic Bla  Conj/Tloc      0%         2d3       41%         4
 Olgreb's Toxic Radiance  Alch           0%         N/A       41%         4
 Passage of Golubria      Tloc           0%         N/A       41%         4
 Summon Blazeheart Golem  Fire/Summ      0%         N/A       41%         4
 Arcjolt                  Conj/Air       0%         1d10      77%         5
 Irradiate                Conj/Alch      0%         3d11      77%         5
 Iskenderun's Battlesphe  Conj           0%         2d6       77%         5
 Summon Forest            Summ/Tloc      0%         N/A       77%         5
 Yara's Violent Unravell  Hex/Alch       0%         3d3       77%         5
 Bombard                  Conj/Erth      0%         9d1       100%        6
 Dispersal                Tloc           0%         N/A       100%        6
 Eringya's Noxious Bog    Alch           0%         4d6       100%        6
 Enfeeble                 Hex            0%         N/A       100%        7
 Ozocubu's Refrigeration  Ice            0%         4d7       100%        7
 Spellforged Servitor     Conj/Summ      0%         N/A       100%        7
 Summon Hydra             Summ           0%         N/A       100%        7
 Discord                  Hex            0%         N/A       100%        8
 Ignition                 Fire           0%         3d3       100%        8
 Lehudib's Crystal Spear  Conj/Erth      0%         10d2      100%        8


Dungeon Overview and Level Annotations

Branches:
Dungeon (15/15)            Temple (1/1) D:4            Lair (5/5) D:8
 Shoals (0/4) Lair:2        Snake (3/4) Lair:3        Slime (0/5) Lair:5
    Orc (2/2) D:9             Elf (0/3) Orc:2        Vaults (0/5) D:14
 Depths (0/4) D:15          Sewer (visited)         Ossuary (visited)
 Bailey (visited)

Altars:
Ashenzari
Cheibriados
Dithmenos
Elyvilon
Fedhas
Gozag
Hepliaklqana
Kikubaaqudgha
Makhleb
Nemelex Xobeh
Okawaru
Qazlal
Ru
Sif Muna
Trog
Uskayaw
Vehumet
Wu Jian
Xom
Yredelemnul
Zin
The Shining One
Jiyva

Shops:
D:6 *   Orc:1 *?[   Orc:2 [=*:(   Snake:2 (**   Snake:3 ?

Portals:
Trove: D:15 (show slimy rune of Zot)

Annotations:
D:9 1 transporter
D:10 2 transporters, Ozzieoiler's ghost, journeyman DsGl


Innate Abilities, Weirdness & Mutations

You are a creature with a mouth for a stomach.
Your midsection houses a second, enormous mouth.
You are too large for most types of armour.
You have a pair of small horns on your head.
You have tough skin. (AC +1)
You gain doubled healing and magic from potions.
Whenever you drink a healing potion, you attack all around you.
You have sharp toenails.
Your mind is acute. (Int +4, Str/Dex -1)
You are weak. (Str -2)


Message History

The salamander attacks as it pursues you!
The salamander barely misses you.
You feel sick.
The salamander hits you from afar with a +4 spear!
You are engulfed in flames!
The salamander barely misses you. The salamander completely misses you.
The salamander barely misses you.
The naga sharpshooter shoots a bolt.
The bolt closely misses you.
You bludgeon the naga sharpshooter!!
You headbutt the naga sharpshooter, but do no damage.
The naga sharpshooter is severely wounded.
Your +0 spectral giant club hits the naga sharpshooter but does no damage.
The salamander hits you from afar with a +4 spear.
You are engulfed in flames!
The naga sharpshooter shoots a bolt.
The bolt closely misses you. The salamander closely misses you.
You barely miss the naga sharpshooter. You claw the naga sharpshooter.
You headbutt the naga sharpshooter. Your bite misses the naga sharpshooter.
The naga sharpshooter is severely wounded.
Your +0 spectral giant club hits the naga sharpshooter!!
You kill the naga sharpshooter!
Cheibriados appreciates the change of pace.
You feel sick.
The salamander completely misses you. x2
Your +0 spectral giant club disappears.
You feel sick.
You are no longer poisoned.
The salamander closely misses you.
The salamander hits you from afar with a +0 halberd!
You are engulfed in flames!
* * * LOW HITPOINT WARNING * * *
The salamander hits you with a +4 spear!
* * * LOW HITPOINT WARNING * * *
You are engulfed in flames!
* * * LOW HITPOINT WARNING * * *
You block the salamander's attack. The salamander barely misses you.
Okay, then.
Okay, then.
Okay, then.
Okay, then.
As you read the scroll of fear, it crumbles to dust.
You assume a fearsome visage.
The salamander looks frightened! x2
Throw: 43 large rocks
Press: ? - help, Shift-Dir - straight line, f - salamander
Aim: a salamander, wielding a +4 spear (79% to hit)
You throw a large rock.
The large rock closely misses the salamander.
Throw: 42 large rocks
Press: ? - help, Shift-Dir - straight line, f/p - salamander
Aim: a salamander, wielding a +4 spear (79% to hit)
You throw a large rock.
The large rock barely misses the salamander.
The salamander hits you from afar with a +4 spear.
* * * LOW HITPOINT WARNING * * *
You are engulfed in flames!
* * * LOW HITPOINT WARNING * * *
The salamander hits you with a +4 spear.
* * * LOW HITPOINT WARNING * * *
You are engulfed in flames!
* * * LOW HITPOINT WARNING * * *
The salamander hits you but does no damage.
Okay, then.
As you read the scroll of fear, it crumbles to dust.
You assume a fearsome visage.
The salamander looks frightened! x2
Throw: 41 large rocks
Press: ? - help, Shift-Dir - straight line, f/p - salamander
Aim: a salamander, wielding a +4 spear (79% to hit)
You throw a large rock. The large rock hits the salamander!
The salamander is lightly wounded.
Okay, then.
Throw: 40 large rocks
Press: ? - help, Shift-Dir - straight line, f/p - salamander
Aim: a salamander, wielding a +4 spear (lightly wounded, 79% to hit)
You throw a large rock. The large rock hits the salamander.
The salamander is moderately wounded.
Okay, then.
Aiming: Corrosive Bolt
Press: ? - help, Shift-Dir - straight line, f/p - salamander
Aim: a salamander, wielding a +4 spear (moderately wounded, 83% to hit)
The bolt of acid hits the salamander!
The acid corrodes the salamander!
The salamander is heavily wounded.
Your attacks no longer feel as feeble.
Press: ? - help, v - describe, . - travel
Here: a salamander, wielding a +4 spear (heavily wounded, covered in acid)
The floor.
Unknown command.
Aiming: Corrosive Bolt
Press: ? - help, Shift-Dir - straight line, f/p - salamander
Aim: a salamander, wielding a +4 spear (heavily wounded, covered in acid, 83% to hit)
The bolt of acid hits the salamander!
The salamander seems to be corroded for longer.
The salamander is severely wounded.
The salamander barely misses you.
Aiming: Corrosive Bolt
Press: ? - help, Shift-Dir - straight line, f/p - salamander
Aim: a salamander, wielding a +4 spear (severely wounded, covered in acid, 83% to hit)
The bolt of acid hits the salamander!
The salamander seems to be corroded for longer.
The salamander is almost dead.
The bolt of acid hits the salamander!
The acid corrodes the salamander!
The salamander is moderately wounded.
The salamander hits you from afar with a +4 spear!
You die...

....####...#####...
#.......# ###. #####...#
## ##))## ###.
##...####...
###)).........
###########..).#########
########............###
######
#(......((N.N.W.....#
##.....
#)#######)..........##
#...### #..
###..#.......####..##
#.N# #.##...###...#..##
N.. #####..# ##.....##
... ##.## ##.....#### .?
#..## ##........ >.
##>.####....####
###........#


You could see 2 salamanders.

Vanquished Creatures
  Saint Roka (Orc:2)
  Gastronok (Lair:3)
  Aizul (Snake:1)
  A frost giant (D:15)
  An orc warlord (Orc:2)
  A yaktaur captain (D:15)
  2 fire dragons
  2 salamander tyrants (Snake:3)
  9 hydras
  4 anacondas
  Erolcha (D:10)
  4 centaur warriors
  4 boulder beetles
  An ogre mage (D:15)
  7 two-headed ogres
  2 tengu warriors (D:15)
  7 shock serpents
  9 naga warriors
  An orc high priest (Orc:2)
  Urug (Orc:1)
  10 naga sharpshooters
  Nergalle (Lair:2)
  2 skysharks
  3 salamander mystics
  7 naga ritualists
  10 mana vipers
  5 orc knights
  Pikel (D:5)
  A lindwurm (Lair:5)
  2 deep elf pyromancers
  3 orc sorcerers (Orc:2)
  11 cyclopes
  6 ugly things (D:14)
  2 manticores
  5 oklob plants
  9 salamanders
  49 black mambas
  2 kobold blastminers (Orc:2)
  3 meliai (D:15)
  12 elephants (Lair:4)
  A guardian serpent (Snake:2)
  2 torpor snails
  A merfolk siren (Lair:2)
  11 naga magi
  3 molten gargoyles (Lair:5)
  3 gargoyles
  Maggie (D:7)
  14 cane toads
  4 unseen horrors
  3 yaktaurs (D:15)
  4 rime drakes
  10 komodo dragons
  An efreet (D:13)
  A freezing wraith (D:15)
  A polar bear (Lair:5)
  A queen bee (shapeshifter) (D:15)
  7 trolls
  3 hornets
  15 blink frogs
  Prince Ribbit (D:7)
  3 dream sheep (Lair:3)
  A centaur simulacrum (D:15)
  11 wyverns
  7 slime creatures
  A shadow (D:10)
  63 yaks
  3 wraiths
  7 basilisks
  2 vampires
  A fire bat (shapeshifter) (D:14)
  16 vampire mosquitoes
  A warg (Orc:2)
  2 steam dragons
  An acid dragon (D:9)
  22 nagas
  Edmund (D:5)
  4 hell hounds (Lair:5)
  Duvessa (D:4)
  14 water moccasins
  An ice beast (D:7)
  40 orc warriors
  2 sky beasts
  2 black bears
  2 laughing skulls (D:15)
  9 ogres
  14 centaurs
  18 wolves
  4 phantoms
  2 elf zombies (Ossuary)
  4 kobold brigands
  13 bullfrogs
  2 gnoll sergeants
  2 brain worms (Sewer)
  2 scorpions
  A burial acolyte (Ossuary)
  6 wights
  Dowan (D:4)
  7 killer bees
  5 howler monkeys
  9 lava snakes
  4 jellies
  A centaur zombie (Ossuary)
  5 hounds
  A spectral scorpion (Ossuary)
  A human zombie (Ossuary)
  18 orc priests
  A sleepcap (D:6)
  2 gnoll boudas
  3 iguanas
  22 orc wizards
  2 hound zombies (Ossuary)
  2 hound skeletons (D:3)
  3 mummies (Ossuary)
  18 gnolls
  12 adders
  6 river rats (Sewer)
  A shadow imp (D:5)
  A white imp (D:7)
  4 ufetubi
  3 adder skeletons (D:3)
  4 adder zombies
  2 dart slugs
  108 orcs
  6 bats
  2 bat zombies (D:4)
  5 endoplasms
  10 giant cockroaches
  14 goblins
  11 hobgoblins
  6 quokkas
  6 ball pythons
  A ball python skeleton (D:3)
  4 ball python zombies
  9 frilled lizards
  2 frilled lizard zombies (D:4)
  A giant cockroach zombie (D:3)
  2 gnoll zombies (Ossuary)
  2 goblin zombies (D:6)
  5 jackal zombies (Ossuary)
  17 kobolds
  7 kobold zombies (Ossuary)
  An orc zombie (Ossuary)
  A quokka zombie (D:3)
  7 rats
941 creatures vanquished.

Vanquished Creatures (collateral kills)
  Jeremiah (D:9)
  3 wights (D:9)
  4 gnolls (D:9)
  3 orcs
11 creatures vanquished.

Vanquished Creatures (others)
  A gnoll (D:9)
  A spectral weapon (Orc:1)
2 creatures vanquished.

Grand Total: 954 creatures vanquished

Notes
Turn   | Place    | Note
-------+----------+-------------------------------------------
     0 | D:1      | edsrzf the Oni Brigand began the quest for the Orb.
     0 | D:1      | Reached XP level 1. HP: 22/22 MP: 1/1
    63 | D:1      | Reached skill level 3 in Fighting
   101 | D:1      | Reached XP level 2. HP: 31/31 MP: 2/2
   652 | D:1      | Reached XP level 3. HP: 39/39 MP: 3/3
   934 | D:2      | Reached skill level 4 in Fighting
   934 | D:2      | Reached skill level 3 in Throwing
  1300 | D:3      | Reached XP level 4. HP: 46/48 MP: 4/4
  1437 | D:3      | Found a broken altar of Ashenzari.
  1614 | D:3      | Reached skill level 5 in Fighting
  1807 | D:3      | Reached XP level 5. HP: 57/57 MP: 5/5
  1988 | D:3      | Found a glowing silver altar of Zin.
  2141 | D:4      | Reached skill level 4 in Throwing
  2364 | D:4      | Found an iron altar of Okawaru.
  2397 | D:4      | Found a white marble altar of Elyvilon.
  2459 | D:4      | Noticed Dowan
  2482 | D:4      | Identified 4 potions of might
  2483 | D:4      | Identified 2 potions of curing
  2483 | D:4      | Noticed Duvessa
  2487 | D:4      | Killed Dowan
  2488 | D:4      | Reached skill level 6 in Fighting
  2488 | D:4      | Reached XP level 6. HP: 26/67 MP: 6/6
  2498 | D:4      | Killed Duvessa
  2499 | D:4      | Reached skill level 5 in Throwing
  2751 | D:4      | Found a staircase to the Ecumenical Temple.
  2779 | D:4      | Found a sacrificial altar of Ru.
  2944 | D:4      | Found an ancient bone altar of Kikubaaqudgha.
  3108 | D:5      | Entered Level 5 of the Dungeon
  3116 | D:5      | Noticed an orc warrior
  3125 | D:5      | Identified 3 scrolls of teleportation
  3219 | D:5      | Noticed Edmund
  3244 | D:5      | Killed Edmund
  3245 | D:5      | Reached skill level 7 in Fighting
  3245 | D:5      | Reached skill level 1 in Shapeshifting
  3245 | D:5      | Reached XP level 7. HP: 67/78 MP: 7/7
  3290 | D:5      | Noticed a two-headed ogre
  3307 | D:5      | Reached skill level 2 in Shapeshifting
  3311 | D:5      | Killed a two-headed ogre
  3312 | D:5      | Reached skill level 9 in Fighting
  3312 | D:5      | Reached skill level 4 in Shapeshifting
  3312 | D:5      | Reached XP level 8. HP: 34/92 MP: 8/8
  3316 | D:5      | Identified a potion of magic
  3317 | D:5      | Identified a potion of lignification
  3640 | D:5      | Noticed Pikel
  3680 | D:5      | Killed Pikel
  3681 | D:5      | Reached skill level 10 in Fighting
  3681 | D:5      | Reached skill level 5 in Shapeshifting
  3681 | D:5      | Reached XP level 9. HP: 91/102 MP: 9/9
  3802 | D:5      | Reached skill level 11 in Fighting
  3857 | D:5      | Reached skill level 6 in Shapeshifting
  4893 | D:6      | Identified 5 scrolls of identify
  4893 | D:6      | Identified a potion of invisibility
  4894 | D:6      | Identified a potion of heal wounds
  4895 | D:6      | Identified 2 potions of brilliance
  4896 | D:6      | Identified a potion of cancellation
  4897 | D:6      | Identified 2 scrolls of immolation
  4898 | D:6      | Identified 2 scrolls of silence
  4942 | D:6      | Found a sand-covered staircase.
  4965 | Ossuary  | Entered an ossuary
  5122 | Ossuary  | Reached skill level 12 in Fighting
  5136 | Ossuary  | Reached skill level 7 in Shapeshifting
  5454 | D:6      | Identified a scroll of noise
  5455 | D:6      | Identified a scroll of revelation
  5514 | D:6      | Found a glowing drain.
  5522 | Sewer    | Entered a sewer
  5584 | Sewer    | Reached skill level 1 in Maces & Flails
  5856 | Sewer    | Reached skill level 2 in Maces & Flails
  6422 | D:6      | Reached skill level 3 in Maces & Flails
  6422 | D:6      | Reached XP level 10. HP: 110/115 MP: 10/10
  6471 | D:6      | Found Gozag's Platinum Reserve.
  6537 | D:6      | Found an opulent altar of Gozag.
  6897 | D:7      | Reached skill level 8 in Shapeshifting
  6989 | D:7      | Reached skill level 4 in Maces & Flails
  7090 | D:7      | Identified 4 potions of haste
  7211 | D:7      | Noticed Prince Ribbit
  7218 | D:7      | Noticed Maggie
  7220 | D:7      | Killed Prince Ribbit
  7407 | D:7      | Noticed a gargoyle
  7407 | D:7      | Noticed a brown ugly thing
  7623 | D:7      | Reached skill level 5 in Maces & Flails
  7762 | D:7      | Killed Maggie
  7824 | D:7      | Killed a gargoyle
  7825 | D:7      | Reached skill level 9 in Shapeshifting
  8364 | D:7      | Noticed a cyclops
  8378 | D:7      | Killed a cyclops
  8379 | D:7      | Reached skill level 6 in Maces & Flails
  8553 | D:7      | Got the Excursus on Energy
  8788 | Temple   | Entered the Ecumenical Temple
  8810 | Temple   | Became a worshipper of Cheibriados the Contemplative
  9018 | D:8      | Identified 3 scrolls of fear
  9019 | D:8      | Identified 2 scrolls of summoning
  9020 | D:8      | Identified 2 scrolls of enchant armour
  9080 | D:8      | Found a flagged portal.
  9093 | D:8      | Reached skill level 7 in Maces & Flails
  9093 | D:8      | Reached XP level 11. HP: 80/123 MP: 11/11
  9107 | Bailey   | Entered a bailey
  9313 | Bailey   | Reached * piety under Cheibriados
  9472 | Bailey   | HP: 2/103 [gnoll/+0 halberd of draining (5)]
 10260 | D:8      | Found a large runed translucent door.
 10260 | D:8      | Found a large runed translucent door.
 10262 | D:8      | Found a large runed translucent door.
 10262 | D:8      | Found a large runed translucent door.
 10267 | D:8      | Noticed a cyclops
 10277 | D:8      | Reached skill level 10 in Shapeshifting
 10318 | D:8      | Reached ** piety under Cheibriados
 10646 | D:8      | Found a staircase to the Lair.
 10768 | D:8      | Noticed a cyclops
 10780 | D:8      | Killed a cyclops
 11066 | D:8      | Reached skill level 8 in Maces & Flails
 11187 | D:8      | Killed a cyclops
 11299 | D:9      | Found a transporter.
 11299 | D:9      | Found a transporter.
 11299 | D:9      | Found a transporter.
 11299 | D:9      | Found a transporter.
 11355 | D:9      | Found a staircase to the Orcish Mines.
 11372 | D:9      | Reached *** piety under Cheibriados
 11406 | D:9      | Noticed a two-headed ogre
 11441 | D:9      | Killed a two-headed ogre
 11553 | D:9      | Reached skill level 9 in Maces & Flails
 11584 | D:9      | Reached **** piety under Cheibriados
 11588 | D:9      | Reached skill level 11 in Shapeshifting
 11769 | D:9      | Found a hazy altar of Hepliaklqana.
 11781 | D:9      | Noticed Jeremiah
 11808 | D:9      | Killed Jeremiah
 12600 | D:10     | Entered Level 10 of the Dungeon
 12735 | D:10     | Found a burning altar of Makhleb.
 12750 | D:10     | Reached ***** piety under Cheibriados
 12840 | D:10     | Found a transporter.
 12860 | D:10     | Identified a potion of mutation
 12861 | D:10     | Identified a potion of degeneration
 12863 | D:10     | Identified a scroll of enchant weapon
 12864 | D:10     | Identified a scroll of vulnerability
 12865 | D:10     | Identified a scroll of torment
 12866 | D:10     | Identified 2 scrolls of poison
 12963 | D:10     | Noticed Ozzieoiler's ghost (journeyman DsGl)
 12969 | D:10     | Noticed a manticore
 12976 | D:10     | Noticed Erolcha
 12985 | D:10     | Killed Erolcha
 12986 | D:10     | Reached skill level 10 in Maces & Flails
 12986 | D:10     | Reached XP level 12. HP: 79/132 MP: 12/12
 13230 | D:10     | Noticed a two-headed ogre
 13238 | D:10     | Killed a two-headed ogre
 13335 | D:10     | Found a transporter.
 13502 | D:11     | Identified a potion of resistance
 13549 | D:11     | Noticed a two-headed ogre
 13550 | D:11     | Found a blossoming altar of Fedhas.
 13560 | D:11     | Killed a two-headed ogre
 13561 | D:11     | Reached skill level 12 in Shapeshifting
 13804 | D:11     | Reached skill level 11 in Maces & Flails
 14475 | D:12     | Reached skill level 1 in Dodging
 14486 | D:12     | Reached skill level 2 in Dodging
 14633 | D:12     | Noticed a boulder beetle
 14761 | D:12     | Reached skill level 3 in Dodging
 14890 | D:12     | Identified a potion of enlightenment
 14905 | D:12     | Identified a scroll of amnesia
 14978 | D:12     | Reached skill level 4 in Dodging
 14997 | D:12     | Reached ****** piety under Cheibriados
 15004 | D:12     | Reached skill level 5 in Dodging
 15111 | D:12     | Killed a boulder beetle
 15190 | D:12     | Noticed a boulder beetle
 15203 | D:12     | Killed a boulder beetle
 15204 | D:12     | Reached skill level 6 in Dodging
 15204 | D:12     | Reached XP level 13. HP: 134/140 MP: 13/13
 15371 | D:12     | Identified the +8 long sword of Distraction {heavy, rPois
                  | Dex+4}
 15427 | D:12     | Found a stormy altar of Qazlal.
 15743 | Lair:1   | Entered Level 1 of the Lair of Beasts
 15761 | Lair:1   | Identified 2 potions of ambrosia
 15784 | Lair:1   | Reached skill level 12 in Maces & Flails
 16210 | Lair:1   | Reached skill level 13 in Maces & Flails
 17016 | Lair:2   | Noticed Nergalle
 17125 | Lair:2   | Found a staircase to the Shoals.
 17160 | Lair:2   | Reached skill level 14 in Maces & Flails
 17229 | Lair:2   | Identified a scroll of blinking
 17575 | Lair:2   | Killed Nergalle
 18022 | Lair:3   | Found a staircase to the Snake Pit.
 18525 | Lair:3   | Reached skill level 15 in Maces & Flails
 18789 | Lair:3   | Noticed Gastronok
 18800 | Lair:3   | Reached XP level 14. HP: 147/149 MP: 14/14
 18815 | Lair:3   | Killed Gastronok
 19247 | Lair:4   | Reached skill level 16 in Maces & Flails
 19293 | Lair:4   | Found an ornate altar of the Wu Jian Council.
 19326 | Lair:4   | Found a hide-covered altar of Uskayaw.
 20134 | Lair:5   | Entered Level 5 of the Lair of Beasts
 20186 | Lair:5   | Reached skill level 17 in Maces & Flails
 20317 | Lair:5   | Found a large runed translucent door.
 20349 | Lair:5   | Found a large runed translucent door.
 21054 | Lair:5   | Reached skill level 18 in Maces & Flails
 21208 | Lair:5   | Found a viscous altar of Jiyva.
 21319 | Lair:5   | Reached XP level 15. HP: 142/157 MP: 15/15
 22268 | Lair:5   | Found a staircase to the Slime Pits.
 22348 | Lair:5   | Reached skill level 19 in Maces & Flails
 22873 | Orc:1    | Entered Level 1 of the Orcish Mines
 22930 | Orc:1    | Found Asuhoas's Antique Armour Shop.
 23082 | Orc:1    | Found Vyotrig's Magic Scroll Shoppe.
 23194 | Orc:1    | Bought a scroll of brand weapon for 114 gold pieces
 23206 | Orc:2    | Entered Level 2 of the Orcish Mines
 23247 | Orc:2    | Noticed an orc warlord
 23262 | Orc:2    | Killed an orc warlord
 23477 | Orc:2    | Gained mutation: You occasionally lose the ability to read
                  | scrolls when taking damage. [a neqoxec]
 23482 | Orc:2    | Lost mutation: You occasionally lose the ability to read
                  | scrolls when taking damage. [potion of mutation]
 23482 | Orc:2    | Gained mutation: You are weak. (Str -2) [potion of
                  | mutation]
 23482 | Orc:2    | Gained mutation: Your mind is acute. (Int +4, Str/Dex -1)
                  | [potion of mutation]
 23482 | Orc:2    | Gained mutation: You have sharp toenails. [potion of
                  | mutation]
 23517 | Orc:2    | Found Wevacaf's General Store.
 23523 | Orc:2    | Found Zatousam's Jewellery Shop.
 23745 | Orc:2    | Found Arhuc's Antique Weapon Shoppe.
 23779 | Orc:2    | Found Ydoaggig's Book Emporium.
 23879 | Orc:2    | Found a staircase to the Elven Halls.
 24036 | Orc:2    | Noticed Saint Roka
 24077 | Orc:2    | Killed Saint Roka
 24086 | Orc:2    | Found Omasil's Antique Armour Shoppe.
 24251 | Orc:2    | Found an iron altar of Okawaru.
 24302 | Orc:1    | Noticed Urug
 24302 | Orc:1    | Found Wuyschin's Assorted Antiques.
 24305 | Orc:1    | Killed Urug
 24306 | Orc:1    | Reached skill level 20 in Maces & Flails
 24830 | Orc:1    | Bought a shiny cabochon ring for 110 gold pieces
 24864 | Orc:2    | Bought the ring "Kileom" {rPois Will+ Int+3} for 552 gold
                  | pieces
 24864 | Orc:2    | Bought the ring of Enoyfer {Str+6 Dex+4} for 668 gold
                  | pieces
 25712 | D:13     | You fall into a shaft and drop 2 floors!
 25712 | D:15     | Entered Level 15 of the Dungeon
 26659 | D:14     | Found a gate to the Vaults.
 26666 | D:14     | Reached skill level 21 in Maces & Flails
 26803 | D:15     | Reached XP level 16. HP: 150/165 MP: 16/16
 27154 | D:15     | Found a staircase to the Depths.
 27990 | D:15     | Found a sacrificial altar of Ru.
 28286 | D:15     | Found a portal to a secret trove of treasure.
 28638 | Snake:1  | Entered Level 1 of the Snake Pit
 28747 | Snake:1  | Identified the serpent talisman of Supple Strength {Str+7}
 28747 | Snake:1  | Noticed Aizul
 28759 | Snake:1  | Killed Aizul
 28760 | Snake:1  | Reached skill level 22 in Maces & Flails
 28768 | Lair:3   | HP: 7/158 [poisoned by Aizul (poison arrow)]
 29403 | Snake:1  | Reached skill level 7 in Dodging
 29426 | Snake:1  | Reached skill level 13 in Fighting
 30163 | Snake:2  | Found Haskuf's Weapon Shop.
 30163 | Snake:2  | Found Dag Zof's Assorted Antiques.
 30623 | Snake:2  | Bought a scroll labelled IBYHARR PYERCH for 36 gold pieces
 30828 | Snake:2  | Found a radiant altar of Vehumet.
 30837 | Snake:2  | Reached skill level 8 in Dodging
 30960 | Snake:2  | Reached skill level 14 in Fighting
 31220 | Snake:2  | Found Egumn's Assorted Antiques.
 31593 | Snake:2  | Found Koiqan's Book Boutique.
 31757 | Snake:2  | Reached XP level 17. HP: 119/182 MP: 17/17
 32268 | Snake:2  | Reached skill level 9 in Dodging
 32950 | Snake:3  | Reached skill level 15 in Fighting
 34123 | Snake:3  | Reached skill level 10 in Dodging
 34150 | Snake:3  | Reached skill level 16 in Fighting
 34436 | Snake:3  | Found Uginacip's Magic Scroll Emporium.
 34888 | Snake:3  | HP: 3/188 [salamander/+4 spear (11)]
 34901 | Snake:3  | Slain by a salamander

Illustrated notes

Levels and vault maps discovered:
D:1:      ncdulo_halloftheorcs, layout_basic, minmay_misc_feat_iff
D:2:      layout_rooms, minmay_liquid_box
D:3:      layout_basic, lemuel_crystal_altar, overflow_temple_1_default,
          serial_undead, serial_undead_b, serial_undead_d, serial_undead_e,
          serial_undead_f, serial_undead_a, serial_undead_d,
          minmay_fractal_squares_diagonal_5
D:4:      layout_cave_pools, lemuel_zombie_altar_kikubaaqudgha,
          overflow_temple_1_default, mainiacjoe_overflow_two_lobes,
          minmay_temple_entry_sparse_star, uniq_duvessa
D:5:      layout_layer_cave, uniq_edmund, uniq_pikel
D:6:      layout_basic, nicolae_gozag_zags_fifth_avenue, gup_sewer_entry_pipe,
          enter_ossuary_4
D:7:      minmay_the_grid_four_pointed_star
          [minmay_the_grid_triangle_9x9_shrine,
          minmay_the_grid_triangle_9x9_descending_squares,
          minmay_the_grid_triangle_9x9_windchime,
          minmay_the_grid_triangle_9x9_flanged_cone,
          minmay_the_grid_prize_shrinking_boxes], layout_loops_ring,
          uniq_prince_ribbit1, uniq_maggie
D:8:      layout_gridville, lair_entry_dummy, enter_bailey_5,
          minmay_hollow_rounded_squares
D:9:      layout_cave_pools, overflow_temple_1_default, hiddenorc2_lemuel,
          nicolae_diode_intersection, uniq_jeremiah
D:10:     layout_basic, lightli_temple_of_fire, gammafunk_ghost_arena,
          kennysheep_generic_room_2, uniq_erolcha
D:11:     layout_roguey, gauntlet_entry_generic, fedhas_altar_fruit_tree
D:12:     layout_loops_ring, grunt_qazlal_clouds
D:13:     layout_loops_corners
D:14:     layout_roguey, hellmonk_vaults_attempted_burglary
D:15:     grunt_enter_depths_snipers, layout_loops_ring,
          nicolae_ru_the_path_less_chosen, trove_entry_hex_spiral, minivault_28
Temple:   nicolae_temple_figure_eight
Lair:1:   layout_loops_ring, wad_woods_road_03, minivault_27
Lair:2:   layout_gridlike, elwin_shoals_entry_rooms, uniq_nergalle
Lair:3:   layout_hall_layers, nicolae_snake_entry_warm_welcome,
          lemuel_fruit_tree, uniq_gastronok
Lair:4:   wander_river, layout_cave_pods, nzn_masters_of_martial_movement,
          grunt_megastairs_5
Lair:5:   cheibrodos_lair_end_hotspot, layout_regular_city,
          minmay_slime_entry_oklob_enclosed
Snake:1:  layout_misc_corridors, nicolae_coiled_stairwell_down, uniq_aizul
Snake:2:  layout_cave_town, serial_shops, nicolae_stop_n_shop_2, shop,
          nicolae_shop_window_shopping, shop, lemuel_oklob_altar,
          grunt_megastairs_3
Snake:3:  layout_layer_cave, nicolae_triple_integral, minmay_shop_star
Orc:1:    layout_caves, serial_shops, nicolae_square_shop,
          nicolae_shop_tiny_waterfront, shop, uniq_urug
Orc:2:    grunt_orc_gardens, layout_caves, grunt_orc_garden, grunt_orc_garden,
          grunt_orc_garden, grunt_orc_garden, serial_shops, shop,
          okawaru_metal_pillars_1_2, uniq_saint_roka

Skill      XL: |  1  2  3  4  5  6  7  8  9 10 11 12 13 14 15 16 17 |
---------------+----------------------------------------------------+-----
Fighting       | 3 4 5 6 7 9 10 12 14 16 | 16.4
Throwing       | 3 4 5 |  5.1
Shapeshifting  | 1 4 5 7 9 11 12 | 12.5
Maces & Flails | 3 7 10 11 15 18 21 22 | 22.0
Dodging        | 6 8 10 | 10.4
Short Blades   | |  1.7
Stealth        | |  2.9

Action                     |  1- 3 |  4- 6 |  7- 9 | 10-12 | 13-15 | 16-18 || total
---------------------------+-------+-------+-------+-------+-------+-------++-------
  Melee: Dagger            |   118 |   249 |       |       |       |       ||   367
         Headbutt          |    17 |    37 |    45 |   116 |   193 |    83 ||   491
         Punch             |       |     3 |     2 |     7 |    10 |       ||    22
         Flail             |       |       |   257 |   534 |   391 |       ||  1182
         Maw               |       |       |       |   115 |   246 |   118 ||   479
         Giant club        |       |       |       |       |   321 |   325 ||   646
         Kick              |       |       |       |       |    63 |   131 ||   194
  Throw: Dart              |     1 |     2 |    20 |    20 |    23 |     2 ||    68
         Large rock        |       |       |       |     1 |    22 |    15 ||    38
  Evoke: Wand              |       |     8 |       |    12 |     2 |     3 ||    25
         Condenser vane    |       |       |       |     1 |       |       ||     1
    Use: Potion            |       |     3 |     2 |     9 |     2 |     4 ||    20
         Scroll            |       |     1 |     8 |    20 |     3 |     6 ||    38
   Stab: Sleeping          |     7 |     4 |     7 |     7 |    16 |    10 ||    51
         Distracted        |       |       |       |     2 |     3 |     5 ||    10
 Armour: Robe              |    84 |   168 |   227 |    86 |       |       ||   565
         Skin              |       |       |    14 |   392 |   466 |   292 ||  1164
         Steam dragon scal |       |       |       |   159 |       |       ||   159
  Dodge: Dodged            |    29 |    94 |   153 |   297 |   427 |   255 ||  1255
  Block: Other             |       |       |       |    96 |   116 |    70 ||   282
         Reflection        |       |       |       |     8 |     8 |    11 ||    27
   Form: Maw               |       |       |       |     1 |       |       ||     1
